Map: Torches LE

Players

LigerMaNN - Winner!

  • Race: Zerg Zerg
  • League: Diamond
  • Spawn Location: 1:00

Yuerno

  • Race: Protoss Protoss
  • League: Diamond
  • Spawn Location: 5:00

VOD

Have the link to the VOD?

Description

Time

  • Played on: June 28, 2025, 1:49 p.m.
  • Length: 7:57
Show
View Real Time Build Order
Export as new Build Order

LigerMaNN Zerg - Winner!

Build Orders: Hatch First 

Get SALT Encoding   

  12  0:00  Drone  
  13  0:12  Overlord  
  13  0:17  Drone  
  14  0:32  Drone x2  
  16  0:48  Hatchery  
  15  0:52  Drone  
  15  0:55  Drone  
  17  0:59  Drone  
  18  1:11  Extractor  
  17  1:15  Spawning Pool  
  16  1:19  Drone  
  16  1:21  Drone  
  18  1:28  Drone  
  19  1:38  Drone  
  20  1:49  Overlord  
  20  2:06  Zergling x4  
  20  2:07  Queen x2  
  26  2:14  Metabolic Boost  
  26  2:17  Drone  
  26  2:19  Drone  
  28  2:23  Drone  
  28  2:26  Drone  
  30  2:42  Hatchery  
  29  2:50  Drone x3  
  32  2:54  Overlord  
  32  3:05  Zergling x8  
  36  3:25  Zergling x10  
  38  3:46  Drone  
  38  3:47  Drone x3  
  42  3:49  Drone x2  
  42  3:51  Overlord  
  42  3:52  Overlord  
  42  3:55  Queen  
  46  4:01  Queen  
  45  4:25  Drone  
  45  4:26  Drone x11  
  45  4:30  Roach Warren  
  45  4:31  Lair, Evolution Chamber  
  52  4:36  Extractor  
  51  4:52  Drone  
  52  4:53  Drone x5  
  54  5:14  Zerg Missile Weapons Level 1  
  54  5:17  Drone  
  54  5:18  Drone x2, Extractor  
  54  5:19  Drone x3  
  54  5:20  Overlord x3, Extractor  
  54  5:21  Overlord  
  58  5:33  Drone x3  
  61  5:48  Glial Reconstitution  
  63  5:50  Roach x7  
  75  6:09  Roach x8  
  93  6:25  Roach  
  93  6:26  Roach x2  
  93  6:27  Overlord x5  
  93  6:28  Overlord  
  97  6:37  Overlord x4  
  97  6:45  Hatchery  
  96  6:48  Overseer x3  
  96  6:51  Pneumatized Carapace  
  96  7:03  Roach x10  
  116  7:37  Roach x8  
  116  7:38  Roach  
  116  7:39  Zergling x14  
Show
View Real Time Build Order
Export as new Build Order

Yuerno Protoss 

Build Orders:  

Get SALT Encoding   

  12  0:00  Probe  
  13  0:12  Probe  
  14  0:22  Pylon  
  14  0:27  Probe  
  15  0:43  Gateway  
  15  0:45  Probe  
  16  0:50  Assimilator  
  16  0:53  Probe  
  17  1:01  Probe  
  17  1:09  Assimilator  
  18  1:13  Probe  
  20  1:25  Probe  
  20  1:32  Cybernetics Core  
  20  1:33  Pylon  
  20  1:41  Probe  
  21  1:53  Probe  
  22  2:04  Adept  
  22  2:06  Nexus  
  24  2:18  Warp Gate  
  24  2:22  Probe  
  25  2:32  Adept  
  25  2:34  Probe  
  28  2:38  Pylon  
  28  2:51  Stalker  
  28  2:56  Twilight Council  
  30  3:10  Probe  
  31  3:18  Probe  
  32  3:22  Probe  
  32  3:23  Robotics Facility  
  31  3:35  Probe  
  32  3:42  Adept  
  32  3:45  Resonating Glaives  
  32  3:47  Probe  
  33  3:51  Gateway  
  33  3:55  Gateway  
  33  3:59  Probe  
  32  4:21  Zealot  
  27  4:27  Probe  
  22  4:31  Cybernetics Core  
  22  4:33  Pylon  
  22  4:36  Probe  
  23  4:43  Zealot  
  25  4:46  Zealot  
  27  4:54  Zealot  
  26  5:17  Adept x2  
  30  5:23  Immortal  
  30  5:27  Probe  
  35  5:32  Probe  
  36  5:44  Probe  
  36  5:46  Gateway  
  37  5:59  Adept  
  37  6:00  Adept  
  41  6:08  Probe  
  42  6:14  Probe  
  43  6:19  Gateway  
  43  6:20  Probe  
  43  6:21  Sentry  
  43  6:22  Adept  
  43  6:24  Immortal  
  48  6:39  Probe  
  53  6:45  Pylon  
  53  6:50  Assimilator  
  53  6:51  Probe  
  54  6:56  Pylon  
  54  6:59  Observer  
  54  7:04  Adept x2  
  54  7:06  Sentry  
  54  7:07  Probe  
  62  7:15  Adept  
  64  7:25  Adept x2  
  68  7:30  Adept  
Tags
 
Matchup
PvZ
Replay Pack
June 2025
Spawn Locations
Close Positions
Add a new tag
Caveats
  • Supply blocks, unpowered buildings, or Contaminate may cause inaccurate times.
  • Supply counts are checked every 10 seconds.